| TOP OF THE 1ST |
|
Washington Nationals batting - Pitching for Milwaukee Brewers : RHP Joe Ross
|
|
Pitching: RHP Joe Ross
|
|
|
Batting: LHB David Dahl
|
0-0: Ball 1-0: Ball 2-0: Ground out 4-3 (Groundball, 34, EV 86.3 MPH)
|
|
Batting: RHB Christian Walker
|
0-0: Ball 1-0: Ball 2-0: Called Strike 2-1: Swinging Strike 2-2: Ball 3-2: Foul Ball, location: 3F 3-2: SINGLE (Groundball, 56D, EV 99.4 MPH)
|
|
Batting: RHB Manny Machado
|
0-0: Reached on error, E4 (Groundball, 4, EV 101.9 MPH) Christian Walker to second
|
|
Batting: LHB Bryce Harper
|
0-0: Swinging Strike 0-1: Swinging Strike 0-2: Foul Ball, location: 2F 0-2: Foul Ball, location: 9LMFF 0-2: Ball 1-2: Fly out, F9 (Flyball, 9D, EV 101.9 MPH) Runner from 2nd tags up, SAFE at 3rd, no throw by RF
|
|
Batting: RHB Oscar Hernandez
|
0-0: Ball 1-0: Ground out 1-3 (Groundball, 13S, EV 66.3 MPH)
|
| Top of the 1st over - 0 runs, 1 hit, 1 error, 2 left on base; Washington 0 - Milwaukee 0 |
| BOTTOM OF THE 1ST |
|
Milwaukee Brewers batting - Pitching for Washington Nationals : RHP Kirk Griffith
|
|
Pitching: RHP Kirk Griffith
|
|
|
Batting: RHB Jorge Gutiérrez
|
0-0: SINGLE (Groundball, 34D, EV 100.6 MPH)
|
|
Batting: RHB Kevin Thompson
|
0-0: Ball 1-0: Bunt missed! 1-1: Sac Bunt to 23 - play at first, batter OUT! 3-4 Jorge Gutiérrez to second
|
|
Batting: LHB Billy Wood
|
0-0: Called Strike 0-1: Ball 1-1: Ball 2-1: Foul Ball, location: 2LF 2-2: Ground out U3 (Groundball, 3, EV 78.1 MPH) Jorge Gutiérrez to third
|
|
Batting: RHB Jim Smith
|
0-0: Called Strike 0-1: Called Strike 0-2: Strikes out swinging
|
| Bottom of the 1st over - 0 runs, 1 hit, 0 errors, 1 left on base; Washington 0 - Milwaukee 0 |
| TOP OF THE 2ND |
|
Washington Nationals batting - Pitching for Milwaukee Brewers : RHP Joe Ross
|
|
Batting: RHB Jeremy Austin
|
0-0: Ball 1-0: Ball 2-0: Called Strike 2-1: SINGLE (Line Drive, 9S, EV 98.1 MPH)
|
|
Batting: SHB Lucius Fox Jr.
|
0-0: Grounds into double play, 5-4-3 (Groundball, 56, EV 76.9 MPH)
|
|
Batting: RHB Mathies Reuter
|
0-0: Ball 1-0: Ball 2-0: Ball 3-0: Foul Ball, location: 9LDF 3-1: Foul Ball, location: 9LMF 3-2: Base on Balls
|
|
Batting: RHB Miguel Sano
|
0-0: Foul Ball, location: 23F 0-1: Ground out 4-3 (Groundball, 13, EV 78.8 MPH)
|
| Top of the 2nd over - 0 runs, 1 hit, 0 errors, 1 left on base; Washington 0 - Milwaukee 0 |
| BOTTOM OF THE 2ND |
|
Milwaukee Brewers batting - Pitching for Washington Nationals : RHP Kirk Griffith
|
|
Batting: LHB Christian Yelich
|
0-0: Foul Ball, location: 7LMF 0-1: Ball 1-1: Called Strike 1-2: SINGLE (Groundball, 34D, EV 108.8 MPH)
|
|
Batting: RHB Dave Thomas
|
0-0: Foul Ball, location: 7LDF 0-1: Ball 1-1: Foul Ball, location: 3FF 1-2: Ball 2-2: Foul Ball, location: 2F 2-2: Foul Ball, location: 23FF 2-2: Strikes out swinging
|
|
Batting: LHB Reese McGuire
|
0-0: Ball 1-0: Ball 2-0: Sac Bunt to 15S - play at first, batter OUT! 1-3 Christian Yelich to second
|
|
Batting: RHB Steve Sanders
|
0-0: Swinging Strike 0-1: SINGLE (Groundball, 6MD, EV 101.9 MPH) Christian Yelich to third Runner from 3rd tries for Home, SAFE, throw by CF to home Steve Sanders to second
|
|
Batting: RHB Christian Arroyo
|
0-0: Called Strike 0-1: Foul Ball, location: 23F 0-2: Ball 1-2: Ball 2-2: Strikes out swinging
|
| Bottom of the 2nd over - 1 run, 2 hits, 0 errors, 1 left on base; Washington 0 - Milwaukee 1 |
| TOP OF THE 3RD |
|
Washington Nationals batting - Pitching for Milwaukee Brewers : RHP Joe Ross
|
|
Batting: LHB David Dahl
|
0-0: Called Strike 0-1: Foul Ball, location: 25F 0-2: Foul Ball, location: 2F 0-2: Ball 1-2: Strikes out swinging
|
|
Batting: RHB Christian Walker
|
0-0: Ground out 4-3 (Groundball, 4M, EV 90.0 MPH)
|
|
Batting: RHB Manny Machado
|
0-0: Ball 1-0: DOUBLE (Line Drive, 5D, EV 96.3 MPH)
|
|
Batting: LHB Bryce Harper
|
0-0: Called Strike 0-1: Swinging Strike 0-2: Foul Ball, location: 7LMF 0-2: Ball 1-2: Strikes out swinging
|
| Top of the 3rd over - 0 runs, 1 hit, 0 errors, 1 left on base; Washington 0 - Milwaukee 1 |
| BOTTOM OF THE 3RD |
|
Milwaukee Brewers batting - Pitching for Washington Nationals : RHP Kirk Griffith
|
|
Batting: RHB Jorge Gutiérrez
|
0-0: Foul Ball, location: 3FF 0-1: Ground out 5-3 (Groundball, 56, EV 100.0 MPH)
|
|
Batting: RHB Kevin Thompson
|
0-0: Reached on error, E4 (Groundball, 4MS, EV 86.3 MPH)
|
|
Batting: LHB Billy Wood
|
0-0: Foul Ball, location: 2F 0-1: Ball 1-1: SINGLE (Line Drive, 78S, EV 86.3 MPH) Kevin Thompson to third Runner from 3rd tries for Home, SAFE, throw by LF to home
|
|
Batting: RHB Jim Smith
|
0-0: Called Strike 0-1: Ball 1-1: Called Strike 1-2: Strikes out swinging
|
|
Batting: LHB Christian Yelich
|
0-0: Ground out 5-3 (Groundball, 56S, EV 88.8 MPH)
|
| Bottom of the 3rd over - 1 run, 1 hit, 1 error, 1 left on base; Washington 0 - Milwaukee 2 |
| TOP OF THE 4TH |
|
Washington Nationals batting - Pitching for Milwaukee Brewers : RHP Joe Ross
|
|
Batting: RHB Oscar Hernandez
|
0-0: Called Strike 0-1: Ball 1-1: Ball 2-1: Ball 3-1: Base on Balls
|
|
Batting: RHB Jeremy Austin
|
0-0: Ball 1-0: Fly out, F9 (Flyball, 9, EV 93.8 MPH)
|
|
Batting: SHB Lucius Fox Jr.
|
0-0: SINGLE (Line Drive, 7LS, EV 86.9 MPH) Oscar Hernandez to second
|
|
Batting: RHB Mathies Reuter
|
0-0: Fielders Choice at 2nd, 6-4 (Groundball, 6M, EV 77.5 MPH) Oscar Hernandez to third
|
|
Batting: RHB Miguel Sano
|
0-0: Called Strike 0-1: Foul Ball, location: 2F 0-2: Foul Ball, location: 2F 0-2: Foul Ball, location: 5DF 0-2: Strikes out swinging
|
| Top of the 4th over - 0 runs, 1 hit, 0 errors, 2 left on base; Washington 0 - Milwaukee 2 |
| BOTTOM OF THE 4TH |
|
Milwaukee Brewers batting - Pitching for Washington Nationals : RHP Kirk Griffith
|
|
Batting: RHB Dave Thomas
|
0-0: Ball 1-0: Fly out, F9 (Line Drive, 9, EV 95.0 MPH)
|
|
Batting: LHB Reese McGuire
|
0-0: Ball 1-0: Fly out, F8 (Flyball, 8LS, EV 93.8 MPH)
|
|
Batting: RHB Steve Sanders
|
0-0: Called Strike 0-1: Called Strike 0-2: Ball 1-2: Ball 2-2: Foul Ball, location: 3FF 2-2: Foul Ball, location: 7LDF 2-2: Ground out 6-3 (Groundball, 6, EV 91.9 MPH)
|
| Bottom of the 4th over - 0 runs, 0 hits, 0 errors, 0 left on base; Washington 0 - Milwaukee 2 |
| TOP OF THE 5TH |
|
Washington Nationals batting - Pitching for Milwaukee Brewers : RHP Joe Ross
|
|
Batting: LHB David Dahl
|
0-0: Ball 1-0: Swinging Strike 1-1: Ball 2-1: Swinging Strike 2-2: Foul Ball, location: 5F 2-2: Strikes out swinging
|
|
Batting: RHB Christian Walker
|
0-0: Ball 1-0: Fly out, F8 (Flyball, 89D, EV 100.6 MPH)
|
|
Batting: RHB Manny Machado
|
0-0: Ball 1-0: Ball 2-0: Foul Ball, location: 2F 2-1: Called Strike 2-2: Foul Ball, location: 9LSF 2-2: Strikes out looking
|
| Top of the 5th over - 0 runs, 0 hits, 0 errors, 0 left on base; Washington 0 - Milwaukee 2 |
| BOTTOM OF THE 5TH |
|
Milwaukee Brewers batting - Pitching for Washington Nationals : RHP Kirk Griffith
|
|
Batting: RHB Christian Arroyo
|
0-0: Called Strike 0-1: Ball 1-1: Called Strike 1-2: SINGLE (Line Drive, 78M, EV 95.0 MPH)
|
|
Batting: RHB Jorge Gutiérrez
|
0-0: Called Strike 0-1: Ball 1-1: Fly out, F4 (Line Drive, 4, EV 61.3 MPH)
|
|
Batting: RHB Kevin Thompson
|
0-0: Foul Ball, location: 9LMF 0-1: Called Strike 0-2: SINGLE (Groundball, 6MD, EV 104.4 MPH) Christian Arroyo to second
|
|
Batting: LHB Billy Wood
|
0-0: Fly out, F9 (Flyball, 89M, EV 87.5 MPH)
|
|
Batting: RHB Jim Smith
|
0-0: Ball 1-0: Ball 2-0: Called Strike 2-1: Swinging Strike 2-2: Strikes out looking
|
| Bottom of the 5th over - 0 runs, 2 hits, 0 errors, 2 left on base; Washington 0 - Milwaukee 2 |
| TOP OF THE 6TH |
|
Washington Nationals batting - Pitching for Milwaukee Brewers : RHP Joe Ross
|
|
Batting: LHB Bryce Harper
|
0-0: Foul Ball, location: 7LSF 0-1: Fly out, F2 (Popup, 25F, EV 83.8 MPH)
|
|
Batting: RHB Oscar Hernandez
|
0-0: Called Strike 0-1: Foul Ball, location: 2F 0-2: Ball 1-2: Foul Ball, location: 9LSF 1-2: Ground out U3 (Groundball, 34S, EV 84.4 MPH)
|
|
Batting: RHB Jeremy Austin
|
0-0: Fly out, F8 (Line Drive, 8RM, EV 92.5 MPH)
|
| Top of the 6th over - 0 runs, 0 hits, 0 errors, 0 left on base; Washington 0 - Milwaukee 2 |
| BOTTOM OF THE 6TH |
|
Milwaukee Brewers batting - Pitching for Washington Nationals : RHP Kirk Griffith
|
|
Batting: LHB Christian Yelich
|
0-0: Called Strike 0-1: Foul Ball, location: 5F 0-2: Ball 1-2: Strikes out swinging
|
|
Batting: RHB Dave Thomas
|
0-0: Swinging Strike 0-1: Ball 1-1: Called Strike 1-2: Ball 2-2: Ground out 6-3 (Groundball, 6, EV 101.9 MPH)
|
|
Batting: LHB Reese McGuire
|
0-0: Called Strike 0-1: Ground out 5-3 (Groundball, 56, EV 82.5 MPH)
|
| Bottom of the 6th over - 0 runs, 0 hits, 0 errors, 0 left on base; Washington 0 - Milwaukee 2 |
| TOP OF THE 7TH |
|
Washington Nationals batting - Pitching for Milwaukee Brewers : RHP Joe Ross
|
|
Batting: SHB Lucius Fox Jr.
|
0-0: Ball 1-0: Ball 2-0: Foul Ball, location: 7LSF 2-1: Ground out U3 (Groundball, 3, EV 93.1 MPH)
|
|
Batting: RHB Mathies Reuter
|
0-0: Ball 1-0: Called Strike 1-1: SOLO HOME RUN (Flyball, 7D, EV 99.4 MPH), Distance : 383 ft
|
|
Batting: RHB Miguel Sano
|
0-0: Called Strike 0-1: Foul Ball, location: 2F 0-2: Ball 1-2: Ball 2-2: SINGLE (Line Drive, 4D, EV 94.4 MPH)
|
|
Batting: LHB David Dahl
|
0-0: SINGLE (Groundball, 6M, EV 80.0 MPH) Miguel Sano to second
|
|
Batting: RHB Christian Walker
|
0-0: Ball 1-0: Ball 2-0: Ball 3-0: Called Strike 3-1: Fly out, F8 (Flyball, 78M, EV 93.8 MPH)
|
|
Pitching: LHP Curt Wilkerson
|
|
|
Batting: RHB Manny Machado
|
0-0: Ball 1-0: Ball 2-0: Swinging Strike 2-1: SINGLE (Line Drive, 7LS, EV 98.8 MPH) Miguel Sano to third David Dahl to second Runner from 3rd tries for Home, SAFE, throw by LF to home David Dahl to third Manny Machado to second
|
|
Pinch Hitting: RHB Aaron Judge
|
0-0: Foul Ball, location: 2F 0-1: Foul Ball, location: 2F 0-2: Foul Ball, location: 9LDF 0-2: Ball 1-2: Strikes out swinging
|
| Top of the 7th over - 2 runs, 4 hits, 0 errors, 2 left on base; Washington 2 - Milwaukee 2 |
| BOTTOM OF THE 7TH |
|
Milwaukee Brewers batting - Pitching for Washington Nationals : RHP Kirk Griffith
|
|
Now in CF: David Dahl
|
|
|
Now in RF: Aaron Judge
|
|
|
Batting: RHB Steve Sanders
|
0-0: Ball 1-0: Ball 2-0: DOUBLE (Flyball, 8LXD, EV 93.8 MPH)
|
|
Batting: RHB Christian Arroyo
|
0-0: Ball 1-0: Ground out 5-3 (Groundball, 56, EV 107.5 MPH)
|
|
Batting: RHB Jorge Gutiérrez
|
0-0: Fly out, F4 (Popup, 34S, EV 83.8 MPH)
|
|
Batting: RHB Kevin Thompson
|
0-0: Ball 1-0: Called Strike 1-1: Called Strike 1-2: Foul Ball, location: 9LDF 1-2: Strikes out swinging
|
| Bottom of the 7th over - 0 runs, 1 hit, 0 errors, 1 left on base; Washington 2 - Milwaukee 2 |
| TOP OF THE 8TH |
|
Washington Nationals batting - Pitching for Milwaukee Brewers : LHP Curt Wilkerson
|
|
Batting: RHB Oscar Hernandez
|
0-0: Ball 1-0: Ball 2-0: Ball 3-0: Base on Balls
|
|
Batting: RHB Jeremy Austin
|
0-0: Fly out, F9 (Line Drive, 9LD, EV 105.0 MPH)
|
|
Batting: SHB Lucius Fox Jr.
|
0-0: Ball 1-0: Ball 2-0: Ball 3-0: Base on Balls Oscar Hernandez to second
|
|
Batting: RHB Mathies Reuter
|
0-0: Called Strike 0-1: Ball 1-1: Foul Ball, location: 5SF 1-2: Ball 2-2: Strikes out looking
|
|
Batting: RHB Miguel Sano
|
0-0: Called Strike 0-1: Ball 1-1: Swinging Strike 1-2: Strikes out swinging
|
| Top of the 8th over - 0 runs, 0 hits, 0 errors, 2 left on base; Washington 2 - Milwaukee 2 |
| BOTTOM OF THE 8TH |
|
Milwaukee Brewers batting - Pitching for Washington Nationals : RHP Kirk Griffith
|
|
Batting: LHB Billy Wood
|
0-0: Ball 1-0: Ground out 4-3 (Groundball, 4D, EV 88.1 MPH)
|
|
Batting: RHB Jim Smith
|
0-0: Called Strike 0-1: Foul Ball, location: 2F 0-2: Reached on error, E5 (Groundball, 15, EV 87.5 MPH)
|
|
Pitching: LHP Jacob Lindgren
|
|
|
Pinch Hitting: RHB Tim Campbell
|
0-0: Ball 1-0: Fly out, F4 (Popup, 4MD, EV 70.0 MPH)
|
|
Batting: RHB Dave Thomas
|
0-0: Called Strike 0-1: Ball 1-1: Ball Jim Smith steals 2nd base 2-1: Ball 3-1: Base on Balls
|
|
Batting: LHB Reese McGuire
|
0-0: Fielders Choice at 2nd, 6-4 (Groundball, 6, EV 105.0 MPH)
|
| Bottom of the 8th over - 0 runs, 0 hits, 1 error, 2 left on base; Washington 2 - Milwaukee 2 |
| TOP OF THE 9TH |
|
Washington Nationals batting - Pitching for Milwaukee Brewers : LHP Curt Wilkerson
|
|
Pitching: LHP Ed Gaines
|
|
|
Now in LF: Tim Campbell
|
|
|
Batting: LHB David Dahl
|
0-0: Ground out 6-3 (Groundball, 6D, EV 101.3 MPH)
|
|
Batting: RHB Christian Walker
|
0-0: Fly out, F8 (Flyball, 8RS, EV 94.4 MPH)
|
|
Batting: RHB Manny Machado
|
0-0: SINGLE (Line Drive, 89M, EV 105.0 MPH)
|
|
Batting: RHB Aaron Judge
|
0-0: Ball 1-0: Ball 2-0: Foul Ball, location: 25F 2-1: Ground out 4-3 (Groundball, 4, EV 81.9 MPH)
|
| Top of the 9th over - 0 runs, 1 hit, 0 errors, 1 left on base; Washington 2 - Milwaukee 2 |
| BOTTOM OF THE 9TH |
|
Milwaukee Brewers batting - Pitching for Washington Nationals : LHP Jacob Lindgren
|
|
Pitching: RHP Robbie McJannett
|
|
|
Batting: RHB Steve Sanders
|
0-0: Called Strike 0-1: Fly out, F9 (Flyball, 89S, EV 98.1 MPH)
|
|
Batting: RHB Christian Arroyo
|
0-0: Called Strike 0-1: Swinging Strike 0-2: Foul Ball, location: 7LDF 0-2: Foul Ball, location: 9LDF 0-2: Strikes out looking
|
|
Batting: RHB Jorge Gutiérrez
|
0-0: Called Strike 0-1: Ground out 4-3 (Groundball, 4, EV 91.3 MPH)
|
| Bottom of the 9th over - 0 runs, 0 hits, 0 errors, 0 left on base; Washington 2 - Milwaukee 2 |
| TOP OF THE 10TH |
|
Washington Nationals batting - Pitching for Milwaukee Brewers : LHP Ed Gaines
|
|
Batting: RHB Oscar Hernandez
|
0-0: Called Strike 0-1: Ball 1-1: Fly out, F7 (Flyball, 78M, EV 96.3 MPH)
|
|
Batting: RHB Jeremy Austin
|
0-0: Swinging Strike 0-1: Ground out 4-3 (Groundball, 4, EV 84.4 MPH)
|
|
Batting: SHB Lucius Fox Jr.
|
0-0: Ball 1-0: Ball 2-0: Foul Ball, location: 3DF 2-1: Called Strike 2-2: Ball 3-2: Fly out, F8 (Flyball, 8LS, EV 88.8 MPH)
|
| Top of the 10th over - 0 runs, 0 hits, 0 errors, 0 left on base; Washington 2 - Milwaukee 2 |
| BOTTOM OF THE 10TH |
|
Milwaukee Brewers batting - Pitching for Washington Nationals : RHP Robbie McJannett
|
|
Batting: RHB Kevin Thompson
|
0-0: Called Strike 0-1: Ball 1-1: Ball 2-1: Ball 3-1: Swinging Strike 3-2: Strikes out swinging
|
|
Batting: LHB Billy Wood
|
0-0: Ball 1-0: Swinging Strike 1-1: Ball 2-1: Fly out, F9 (Line Drive, 9S, EV 103.1 MPH)
|
|
Batting: RHB Jim Smith
|
0-0: Ball 1-0: Ground out 6-3 (Groundball, 6, EV 90.0 MPH)
|
| Bottom of the 10th over - 0 runs, 0 hits, 0 errors, 0 left on base; Washington 2 - Milwaukee 2 |
| TOP OF THE 11TH |
|
Washington Nationals batting - Pitching for Milwaukee Brewers : LHP Ed Gaines
|
|
Batting: RHB Mathies Reuter
|
0-0: Ball 1-0: Ball 2-0: Foul Ball, location: 9LMF 2-1: Swinging Strike 2-2: DOUBLE (Line Drive, 78D, EV 105.0 MPH)
|
|
Batting: RHB Miguel Sano
|
0-0: Intentional Walk
|
|
Batting: LHB David Dahl
|
0-0: Fielders Choice at 2nd, 6-4 (Groundball, 6, EV 100.0 MPH) Mathies Reuter to third
|
|
Batting: RHB Christian Walker
|
0-0: Called Strike David Dahl steals 2nd base (no throw) 0-1: Called Strike 0-2: Ground out 6-3 (Groundball, 6, EV 83.1 MPH)
|
|
Batting: RHB Manny Machado
|
0-0: Intentional Walk
|
|
Batting: RHB Aaron Judge
|
0-0: Foul Ball, location: 7LSF 0-1: Ball 1-1: Ground out 5-3 (Groundball, 25, EV 80.6 MPH)
|
| Top of the 11th over - 0 runs, 1 hit, 0 errors, 3 left on base; Washington 2 - Milwaukee 2 |
| BOTTOM OF THE 11TH |
|
Milwaukee Brewers batting - Pitching for Washington Nationals : RHP Robbie McJannett
|
|
Batting: RHB Tim Campbell
|
0-0: Foul Ball, location: 2F 0-1: Ball 1-1: Foul Ball, location: 9LSF 1-2: Ball 2-2: SOLO HOME RUN (Flyball, 8LXD, EV 105.0 MPH), Distance : 424 ft
|
| Bottom of the 11th over - 1 run, 1 hit, 0 errors, 0 left on base; Washington 2 - Milwaukee 3 |
|